Map: Blackburn LE

Players

MaxPax

  • Race: Protoss Protoss

Clem - Winner!

  • Race: Terran Terran

Event: DreamHack SC2 Masters 2021 Fall

VOD

Have the link to the VOD?

Description

Time

  • Played on: Aug. 14, 2021, 1:11 p.m.
  • Length: 6:02

All games in this series

Show
View Real Time Build Order
Export as new Build Order

MaxPax Protoss 

Build Orders: 1 Gate Expand, Oracle Opening, Phoenix Opening 

Get SALT Encoding   

  12  0:00  Probe  
  13  0:12  Probe  
  14  0:17  Pylon  
  14  0:24  Probe (Chrono Boost)  
  15  0:36  Probe (Chrono Boost)  
  15  0:38  Gateway  
  16  0:45  Probe (Chrono Boost)  
  16  0:47  Assimilator  
  17  0:50  Probe  
  18  1:03  Probe  
  19  1:15  Probe  
  20  1:25  Cybernetics Core  
  20  1:35  Nexus  
  20  1:38  Probe  
  21  1:46  Pylon  
  21  1:50  Probe  
  22  1:54  Assimilator  
  22  2:02  Adept (Chrono Boost)  
  22  2:03  Probe  
  24  2:15  Probe  
  25  2:23  Stargate  
  25  2:27  Probe (Chrono Boost)  
  25  2:28  Adept  
  28  2:39  Probe (Chrono Boost)  
  28  2:42  Warp Gate  
  29  2:45  Shield Battery  
  29  2:46  Probe (Chrono Boost)  
  29  2:49  Probe (Chrono Boost)  
  31  2:53  Probe  
  32  2:59  Probe  
  32  3:03  Oracle (Chrono Boost)  
  32  3:05  Probe  
  34  3:12  Shield Battery, Probe  
  38  3:18  Stalker  
  40  3:21  Probe  
  41  3:32  Phoenix (Chrono Boost)  
  41  3:36  Probe  
  41  3:41  Probe  
  43  3:44  Pylon  
  43  3:51  Probe  
  43  4:02  Probe  
  41  4:05  Probe  
  41  4:07  Phoenix  
  41  4:14  Probe  
  39  4:22  Probe (Chrono Boost)  
  31  4:26  Probe (Chrono Boost)  
  27  4:38  Probe x2 (Chrono Boost)  
  29  4:45  Probe x2 (Chrono Boost)  
  30  4:48  Stalker  
  32  4:53  Probe (Chrono Boost)  
  32  4:56  Probe (Chrono Boost)  
  32  4:59  Probe  
  34  5:05  Probe  
  34  5:08  Phoenix  
  34  5:11  Probe  
  37  5:14  Stalker  
  37  5:17  Probe (Chrono Boost)  
  40  5:23  Probe (Chrono Boost)  
  42  5:29  Probe (Chrono Boost)  
  42  5:34  Twilight Council, Probe (Chrono Boost)  
  43  5:36  Probe (Chrono Boost)  
  43  5:39  Probe (Chrono Boost)  
  45  5:46  Stalker  
Show
View Real Time Build Order
Export as new Build Order

Clem Terran - Winner!

Build Orders: 1/1/1 

Get SALT Encoding   

  12  0:00  SCV  
  13  0:12  SCV  
  14  0:17  Supply Depot  
  14  0:24  SCV  
  15  0:29  Refinery  
  15  0:39  SCV  
  16  0:44  Barracks  
  16  0:51  SCV  
  17  1:03  SCV  
  18  1:11  Supply Depot  
  18  1:15  SCV  
  19  1:30  Marine  
  19  1:31  Orbital Command  
  20  1:35  Factory  
  20  1:45  Refinery  
  20  1:53  Barracks Reactor  
  20  1:56  SCV  
  22  2:08  SCV  
  22  2:20  Starport, Hellion  
  24  2:23  SCV, Supply Depot  
  25  2:30  Marine x2  
  25  2:35  SCV  
  28  2:41  Hellion  
  30  2:47  SCV  
  30  2:48  Marine x2  
  33  2:55  Supply Depot  
  33  2:56  Medivac  
  35  3:03  Hellion  
  37  3:06  Marine x2  
  39  3:23  Marine  
  39  3:24  Marine  
  39  3:25  Factory Tech Lab  
  41  3:27  Starport Tech Lab  
  42  3:39  Command Center  
  41  3:41  Marine  
  41  3:47  Cyclone  
  44  3:55  Viking  
  44  4:00  Marine  
  47  4:03  Marine  
  47  4:04  SCV  
  46  4:16  SCV  
  47  4:18  Marine  
  47  4:21  Marine  
  45  4:25  Siege Tank  
  45  4:28  SCV  
  46  4:34  Viking  
  45  4:40  SCV, Supply Depot  
  45  4:44  Marine  
  46  4:46  Marine  
  47  4:53  Orbital Command  
  47  4:56  SCV  
  48  5:03  Cyclone  
  51  5:08  Marine x2  
  53  5:14  Viking  
  53  5:19  SCV x2  
  57  5:25  Marine  
  57  5:26  Marine  
  57  5:28  Barracks  
  59  5:32  SCV x2  
  64  5:43  Marine x2  
  64  5:44  SCV  
  64  5:49  SCV  
  65  5:59  Supply Depot  
  65  6:00  Barracks  

Tags
 
Add a new tag
Caveats
  • Supply blocks, unpowered buildings, or Contaminate may cause inaccurate times.
  • Supply counts are checked every 10 seconds.